 Dungeon Crawl Stone Soup version 0.21-a0-78-g82a99e0 (webtiles) character file.

23 HAL9000 the Sneak (level 2, -2/15 HPs)
             Began as a Vine Stalker Assassin on June 21, 2017.
             Killed from afar by Natasha (6 damage)
             ... with a magic dart
             ... on level 2 of the Dungeon.
             The game lasted 00:01:09 (689 turns).

HAL9000 the Sneak (Vine Stalker Assassin)            Turns: 689, Time: 00:01:10

Health: -2/15      AC:  3    Str: 13    XL:     2   Next: 95%
Magic:  0/3        EV: 11    Int: 11    God:
Gold:   62         SH:  0    Dex: 15    Spells: 1/1 levels left

rFire    . . .     SeeInvis .   a - +2 dagger
rCold    . . .     Gourm    .   (no shield)
rNeg     . . .     Faith    .   c - +0 robe
rPois    .         Spirit   +   (no helmet)
rElec    .         Reflect  .   d - +0 cloak
rCorr    .         Harm     .   (no gloves)
MR       .....                  (no boots)
Stlth    +++.......             (no amulet)
HPRegen  0.05/turn              (no ring)
MPRegen  0.08/turn              (no ring)

@: slowed, very slow
A: fangs 2, magic shield, antimagic bite, no potion heal 3, rot immunity
a: no special abilities


You were on level 2 of the Dungeon.
You were not hungry.

You visited 1 branch of the dungeon, and saw 2 of its levels.

You collected 62 gold pieces.

Inventory:

Hand Weapons
 a - a +2 dagger (weapon)
 b - a +0 blowgun
Missiles
 e - 8 poisoned needles
 f - 2 curare-tipped needles
Armour
 c - a +0 robe (worn)
 d - a +0 cloak (worn)
Scrolls
 h - a scroll of recharging {unknown}
 i - 3 scrolls of identify {unknown}
 j - a scroll of remove curse {unknown}
 n - a scroll of noise {unknown}
 o - a scroll of teleportation {unknown}
 q - a scroll of enchant armour {unknown}
Potions
 k - a potion of haste {unknown}
 l - a potion of invisibility {unknown}
 p - a potion of lignification {unknown}
Comestibles
 g - 2 bread rations
 m - a chunk of flesh


   Skills:
 - Level 1.7 Fighting
 + Level 3.0 Short Blades
 - Level 1.7 Throwing
 - Level 0.7 Dodging
 - Level 4.8 Stealth


You had one spell level left.
You didn't know any spells.

Dungeon Overview and Level Annotations

Branches:
Dungeon (2/15)

Altars:

Annotations:
D:2 Natasha


Innate Abilities, Weirdness & Mutations

You have extremely sharp teeth.
When hurt, damage is shared between your health and your magic reserves.
Your bite disrupts and absorbs the magic of your enemies.
Potions cannot restore your health.
You are immune to rotting.


Message History

Natasha extends her claws.
Natasha stares at you and mumbles some strange words.
The magic dart hits you!
You closely miss Natasha.
Natasha is moderately wounded.
Natasha claws you.
* * * LOW HITPOINT WARNING * * *
You hit Natasha. Your bite misses Natasha.
Natasha is heavily wounded.
Natasha casts a spell at you.
You feel yourself slow down.
Unknown command.
Natasha drinks a potion.
Natasha is healed!
Unknown command.
Things that are here:
a club; a kobold corpse Natasha hisses.
Natasha casts a spell at you. The magic dart hits you!
You die...

# ##..........#
#[####PP.........#
#.......P♣P#>###.#
#.##..P♣♣♣...# #.#
#..♣♣♣♣PP.# #%#
#P.♣.♣♣PP># #.#
#####.P♣♣P...# #.#
......PP.♣...# #h#
.######....#.# #@#
.########.##.###.#
.................#
#.################
##.# #.## .## ##


You could see Natasha.

Vanquished Creatures
  A dart slug (D:1)
  A ball python (D:1)
  4 bats (D:1)
  2 goblins
  A hobgoblin (D:1)
  5 frilled lizards (D:1)
  4 kobolds
  5 rats
23 creatures vanquished.

Notes
Turn   | Place    | Note
-------+----------+-------------------------------------------
     0 | D:1      | HAL9000 the Vine Stalker Assassin began the quest for the Orb.
     0 | D:1      | Reached XP level 1. HP: 11/11 MP: 2/2
   120 | D:1      | Reached XP level 2. HP: 14/15 MP: 1/3
   679 | D:2      | Noticed Natasha
   689 | D:2      | Killed from afar by Natasha

Vault maps used:
D:1:      minmay_arrival_loop, serial_park_tiny_1
D:2:      serial_forest, infiniplex_forest_clump_medium,
          infiniplex_forest_zigzag_1, infiniplex_forest_lined_2,
          infiniplex_forest_lined_room_3, infiniplex_forest_clump_tiny,
          infiniplex_forest_clump_tiny, first_bread, uniq_terence, uniq_natasha

Skill      XL: |  1  2 |
---------------+-------+-----
Short Blades   | 2 3 |  3.0
Fighting       | |  1.7
Throwing       | |  1.7
Dodging        | |  0.7
Stealth        | |  4.8

Action                   || total
-------------------------++-------
Melee: Dagger            ||    57
       Bite              ||     9
 Stab: Sleeping          ||     5
Armor: Robe              ||    12
Dodge: Dodged            ||    31
